 Dungeon Crawl Stone Soup version 0.32-a0-886-g41c5271027 (webtiles) character file.

Game seed: 3334821227735144846

146650 tilp the Bewitcher (level 16, 0/134 HPs)
             Began as a Vampire Enchanter on Apr 2, 2024.
             Was the Champion of Wu Jian.
             Constricted to death by a nagaraja (4 damage)
             ... on level 1 of the Snake Pit.
             The game lasted 01:17:06 (32009 turns).

tilp the Bewitcher (Vampire Enchanter)             Turns: 32009, Time: 01:17:07

Health: 0/134      AC: 15    Str:  7    XL:     16   Next: 90%
Magic:  33/38      EV:  6    Int: 28    God:    Wu Jian [******]
Gold:   1437       SH:  5    Dex: 18    Spells: 0/33 levels left

rFire   + + +        a - +3 dagger of Saltpetre {flame, rElec rF++ rN+ rCorr}
rCold   + . .        W - +0 buckler
rNeg    + . .        U - +0 steam dragon scales
rPois   +            g - +1 helmet
rElec   +            D - +2 cloak
rCorr   +            (no gloves)
SInv    +            Y - +2 pair of boots {Stlth+}
Will    ++...        K - amulet of Qysimoh {Faith rF+ Regen+ Int+3 SInv}
Stlth   +++++++      z - ring of willpower
HPRegen 1.42/turn    o - ring of Fupogroc {rPois rF+ rC+ MP+9 Dex+3}
MPRegen 0.26/turn

%: faith
@: lethally poisoned (0 -> -12), confusing by touch, healing quickly, slowed,
constricted, very slow
A: alive, fangs 3, see invisible, vampiric 2
a: Exsanguinate, Renounce Religion, Wall Jump, Serpent's Lash, Heavenly Storm


You were on level 1 of the Snake Pit.
You worshipped Wu Jian.
Wu Jian was exalted by your worship.
You visited 6 branches of the dungeon, and saw 27 of its levels.
You also visited: Bailey, Ice Cave and Volcano.

You collected 3635 gold pieces.
You spent 2198 gold pieces at shops.

Inventory:

Hand Weapons
 a - the +3 dagger of Saltpetre (weapon) {flame, rElec rF++ rN+ rCorr}
   (You found it on level 11 of the Dungeon)

   rF++:      It greatly protects you from fire.
   rElec:     It insulates you from electricity.
   rN+:       It protects you from negative energy.
   rCorr:     It protects you from acid and corrosion.
 b - the +7 Throatcutter {drain, coup de grace}
   (You took it off Terence on level 2 of the Dungeon)
 v - a +1 scimitar of flaming
 F - a +4 dagger of chaos
 T - a +4 dagger of flaming
Missiles
 d - a throwing net
 f - 5 curare-tipped darts
 y - 8 boomerangs
 N - 43 poisoned darts (quivered)
Armour
 g - a +1 helmet (worn)
 D - a +2 cloak (worn)
 H - a +3 ring mail
 U - +0 steam dragon scales (worn)
 W - a +0 buckler (worn)
 Y - a +2 pair of boots of stealth (worn)
Jewellery
 h - a +6 ring of intelligence
 o - the ring of Fupogroc (right hand) {rPois rF+ rC+ MP+9 Dex+3}
   (You found it in an ice cave)

   [ring of magical power]

   Dex+3:     It affects your dexterity (+3).
   rF+:       It protects you from fire.
   rC+:       It protects you from cold.
   rPois:     It protects you from poison.
   MP+9:      It affects your magic capacity (+9).
 z - a ring of willpower (left hand)
 K - the amulet of Qysimoh (around neck) {Faith rF+ Regen+ Int+3 SInv}
   (You took it off a goblin in a bailey)

   [amulet of faith]

   Faith:     It allows you to gain divine favour quickly.
   Int+3:     It affects your intelligence (+3).
   rF+:       It protects you from fire.
   SInv:      It lets you see invisible.
   Regen+:    It increases your rate of health regeneration.
 P - a ring of flight
Wands
 n - a wand of warping (21)
 s - a wand of mindburst (13)
 w - a wand of paralysis (9)
 M - a wand of flame (35)
 V - a wand of polymorph (8)
 X - a wand of light (1)
 Z - a wand of digging (8)
Scrolls
 e - 3 scrolls of enchant weapon
 j - 4 scrolls of blinking
 k - 2 scrolls of vulnerability
 l - 3 scrolls of identify
 q - 7 scrolls of teleportation
 t - 6 scrolls of fear
 x - a scroll of summoning
 J - 4 scrolls of poison
 O - a scroll of revelation
 Q - 3 scrolls of silence
 S - 5 scrolls of fog
Potions
 c - 4 potions of invisibility
 i - 5 potions of mutation
 m - 11 potions of curing
 p - 8 potions of attraction
 u - 6 potions of enlightenment
 A - a potion of resistance
 B - 4 potions of lignification
 C - 6 potions of haste
 E - a potion of heal wounds
 G - 2 potions of cancellation
 I - a potion of magic
 L - a potion of ambrosia
Miscellaneous
 r - a phantom mirror
 R - a tin of tremorstones (2/2)


   Skills:
 * Level 14.5 Fighting
 - Level 2.9(10.2) Short Blades
 - Level 13.8(14.0) Long Blades
 - Level 6.0 Armour
 - Level 10.0 Dodging
 - Level 15.0 Stealth
 - Level 4.0 Shields
 - Level 9.0 Spellcasting
 + Level 16.4 Hexes
 - Level 4.0 Summonings
 - Level 2.0 Alchemy
 - Level 8.0 Evocations


You couldn't memorise any spells.
You knew the following spells:

 Your Spells              Type           Power      Damage    Failure   Level
a - Ensorcelled Hibernat  Hex/Ice        100%       N/A       1%          2
b - Confusing Touch       Hex            81%        N/A       1%          3
c - Tukima's Dance        Hex            81%        N/A       1%          3
d - Dazzling Flash        Conj/Hex       100%       N/A       1%          3
e - Summon Mana Viper     Hex/Summ       63%        N/A       3%          5
f - Yara's Violent Unrav  Hex/Alch       29%        3d12      4%          5
g - Enfeeble              Hex            40%        N/A       7%          7
h - Silence               Hex/Air        28%        N/A       7%          5

Your spell library contained the following spells:

 Spells                   Type           Power      Damage    Failure   Level
 Summon Small Mammal      Summ           100%       N/A       1%          1
 Call Imp                 Summ           70%        N/A       1%          2
 Inner Flame              Hex/Fire       56%        N/A       1%          3
 Sigil of Binding         Hex            81%        N/A       1%          3
 Cause Fear               Hex            40%        N/A       1%          4
 Anguish                  Hex/Necr       28%        N/A       2%          4
 Dimensional Bullseye     Hex/Tloc       28%        N/A       2%          4
 Sting                    Conj/Alch      72%        1d7       4%          1
 Call Canine Familiar     Summ           35%        N/A       4%          3
 Apportation              Tloc           24%        N/A       7%          1
 Magic Dart               Conj           48%        1d5       7%          1
 Necrotise                Necr           48%        1d6       7%          1
 Mercury Vapours          Alch/Air       36%        N/A       7%          2
 Metabolic Englaciation   Hex/Ice        28%        N/A       7%          5
 Blink                    Tloc           24%        N/A       11%         2
 Mephitic Cloud           Conj/Alch/Air  16%        N/A       16%         3
 Frozen Ramparts          Ice            24%        1d4       21%         3
 Fugue of the Fallen      Necr           12%        N/A       21%         3
 Ozocubu's Armour         Ice            12%        N/A       21%         3
 Vampiric Draining        Necr           12%        2d6       21%         3
 Animate Armour           Summ/Erth      46%        N/A       30%         4
 Martyr's Knell           Necr/Summ      23%        N/A       30%         4
 Olgreb's Toxic Radiance  Alch           23%        N/A       30%         4
 Summon Blazeheart Golem  Fire/Summ      23%        N/A       30%         4
 Summon Lightning Spire   Summ/Air       23%        N/A       30%         4
 Ignite Poison            Fire/Alch      18%        N/A       41%         4
 Leda's Liquefaction      Alch/Erth      9%         N/A       41%         4
 Sticky Flame             Fire/Alch      18%        2d6       41%         4
 Discord                  Hex            40%        N/A       47%         8
 Animate Dead             Necr           12%        N/A       56%         4
 Brom's Barrelling Bould  Conj/Erth      12%        2d4       56%         4
 Flame Wave               Conj/Fire      12%        2d6       56%         4
 Passage of Golubria      Tloc           12%        N/A       56%         4
 Vhi's Electric Charge    Tloc/Air       24%        N/A       56%         4
 Summon Forest            Summ/Tloc      11%        N/A       63%         5
 Arcjolt                  Conj/Air       6%         1d16      88%         5
 Borgnjor's Vile Clutch   Necr/Erth      6%         N/A       88%         5
 Curse of Agony           Necr           12%        N/A       88%         5
 Fireball                 Conj/Fire      6%         3d5       88%         5
 Freezing Cloud           Conj/Ice/Air   6%         6-21      88%         5
 Iskenderun's Battlesphe  Conj           12%        2d7       88%         5
 Lee's Rapid Deconstruct  Erth           6%         3d6*      88%         5
 Summon Cactus Giant      Summ           17%        N/A       90%         6
 Conjure Ball Lightning   Conj/Air       6%         3x3d6     100%        6
 Death Channel            Necr           6%         N/A       100%        6
 Permafrost Eruption      Ice/Erth       6%         2x4d2     100%        6
 Plasma Beam              Fire/Air       6%         2x1d16    100%        6
 Sculpt Simulacrum        Ice/Alch       9%         N/A       100%        6
 Orb of Destruction       Conj           6%         9d6       100%        7
 Ozocubu's Refrigeration  Ice            6%         4d8       100%        7
 Spellforged Servitor     Conj/Summ      11%        N/A       100%        7
 Ignition                 Fire           6%         3d4       100%        8
 Polar Vortex             Ice            6%         N/A       100%        9


Dungeon Overview and Level Annotations

Branches:
Dungeon (15/15)            Temple (1/1) D:7            Lair (5/5) D:10
  Swamp (3/4) Lair:3        Snake (1/4) Lair:3        Slime (0/5) Lair:5
    Orc (2/2) D:12            Elf (0/3) Orc:2        Vaults (0/5) D:14
 Depths (0/4) D:15         Bailey (visited)           IceCv (visited)
Volcano (visited)

Altars:
Ashenzari
Cheibriados
Dithmenos
Fedhas
Gozag
Hepliaklqana
Kikubaaqudgha
Makhleb
Nemelex Xobeh
Okawaru
Qazlal
Ru
Sif Muna
Trog
Uskayaw
Vehumet
Wu Jian
Xom
Yredelemnul
Beogh
Jiyva

Shops:
D:2 :   D:9 (   Orc:2 ![(*

Annotations:
D:15 3 runed translucent doors, Ebahuax's ghost, journeyman HOFi; Ucsyphiv's ghost, adept MiFi
Lair:5 1 runed translucent door
Swamp:3 Mara


Innate Abilities, Weirdness & Mutations

Your natural rate of healing is accelerated.
You have razor-sharp teeth.
You have supernaturally acute eyesight. (SInv)
You are afflicted with vampirism and can become a bat while bloodless.


Message History

Unknown command.
You catch the helpless nagaraja completely off-guard!
You hit the nagaraja but do no damage. Your bite misses the nagaraja.
The nagaraja is moderately wounded.
The nagaraja hits you with a +0 spear!! The nagaraja completely misses you.
Your mana viper bites the nagaraja!
The nagaraja's magic leaks into the air.
You barely miss the nagaraja.
You bite the nagaraja, but do no damage.
The nagaraja is heavily wounded.
The nagaraja hits you with a +0 spear!!
* * * LOW HITPOINT WARNING * * *
The nagaraja grabs you. The nagaraja constricts you.
* * * LOW HITPOINT WARNING * * *
Your mana viper bites the nagaraja.
The nagaraja's magic leaks into the air.
You hit the nagaraja but do no damage.
You bite the nagaraja, but do no damage.
The nagaraja is heavily wounded.
The nagaraja spits poison at you. The splash of poison hits you!
You are poisoned.
You have difficulty breathing.
* * * LOW HITPOINT WARNING * * *
You feel yourself slow down.
* * * LOW HITPOINT WARNING * * *
The nagaraja constricts you.
* * * LOW HITPOINT WARNING * * *
Unknown command.
The nagaraja's grasp on you weakens, but your attempt to escape fails.
* * * LOW HITPOINT WARNING * * *
You feel extremely sick.
Your mana viper bites the nagaraja but does no damage.
The nagaraja hits you with a +0 spear!
* * * LOW HITPOINT WARNING * * *
The nagaraja constricts you.
* * * LOW HITPOINT WARNING * * *
Your mana viper barely misses the nagaraja.
You block the nagaraja's attack. The nagaraja constricts you.
You die...

.##......................#.......
.##...............#'###..#.......
.##...................#..#.#.....
......%..........................
.##.............[............S...
†........##.....).......#######..
................[.......# ###
....#..........÷.>......#
...............<@N......#
###.#......#....S.......# #
...#......#............# #
#..#......#............# .
#..#......#.........)..# #.
.......#.#..........# #.
#####..#.#..........# '.
..................# .#.
###..####.........#


You could see a nagaraja (fast, curare, ally target, magic disrupted) and a
friendly mana viper (summoned).

Vanquished Creatures
  A tentacled monstrosity (Swamp:3)
  Aizul (Snake:1)
  A thorn hunter (Swamp:3)
  Louise (Swamp:2)
  The ghost of Armakuni the Mimic, a journeyman HuAr of Gozag (D:13)
  2 orc warlords
  A stone giant (D:15)
  3 eleionomae
  2 bunyips
  A fire dragon (D:12)
  An ice dragon (Lair:4)
  Fannar (D:11)
  12 hydras
  2 catoblepae
  A death knight (D:15)
  2 ogre magi
  6 centaur warriors
  8 alligators
  3 anacondas (Snake:1)
  Erica (D:8)
  3 tengu warriors
  5 boulder beetles
  A hell hog (Lair:5)
  3 two-headed ogres
  2 naga warriors (Snake:1)
  An orc high priest (Orc:2)
  3 spriggans
  2 naga sharpshooters (Snake:1)
  A hell knight (Volcano)
  3 skeletal warriors
  Sonja (D:10)
  2 salamander mystics (Snake:1)
  Lodul (D:11)
  2 sea snakes (Snake:1)
  4 goliath frogs
  4 bog bodies
  3 mana vipers
  A lindwurm (Lair:5)
  An arcanist (D:14)
  Pikel (D:5)
  2 deep elf pyromancers
  2 deep elf zephyrmancers (D:14)
  An oklob plant (Lair:5)
  5 orc knights
  3 obsidian bats (Orc:2)
  A necromancer (D:14)
  A salamander (Snake:1)
  3 orc sorcerers
  A will-o-the-wisp (Swamp:1)
  8 ugly things
  A meliai (D:10)
  5 cyclopes
  7 black mambas
  An elephant (D:10)
  5 manticores
  A guardian serpent (Snake:1)
  2 kobold blastminers (Orc:1)
  3 naga magi
  2 molten gargoyles (Lair:5)
  An ice statue (IceCv)
  17 cane toads
  6 unseen horrors
  A gargoyle (D:12)
  Jeremiah (D:6)
  10 komodo dragons
  3 rime drakes
  2 kobold demonologists
  A freezing wraith (D:15)
  Psyche (D:10)
  An efreet (D:10)
  5 yaktaurs
  An ice devil (D:10)
  An anaconda simulacrum (IceCv)
  A tengu conjurer (D:13)
  A hellwing (D:10)
  2 red devils
  5 hornets
  A bloated husk (Swamp:3)
  8 trolls
  7 tyrant leeches
  A polar bear (Lair:4)
  Prince Ribbit (D:6)
  13 blink frogs
  2 shadows
  44 yaks
  A vampire (D:14)
  4 wraiths
  12 wyverns
  A dire elephant simulacrum (IceCv)
  2 death yak simulacra
  9 basilisks
  12 wargs
  Grum (D:10)
  2 vampire mosquitoes
  Menkaure (D:7)
  4 steam dragons
  2 harpy simulacra (IceCv)
  9 swamp worms
  Edmund (D:6)
  7 nagas
  9 water moccasins
  3 acid dragons
  4 hell hounds (Lair:5)
  31 orc warriors
  A sky beast (D:7)
  An ice beast (D:7)
  3 swamp drakes (Swamp:3)
  2 laughing skulls
  A black bear (D:7)
  14 wolves
  16 ogres
  2 boggarts (D:14)
  7 centaurs
  A lemure (D:5)
  5 phantoms (D:5)
  3 kobold brigands
  8 bullfrogs
  3 scorpions
  2 water moccasin zombies (D:5)
  A two-headed ogre simulacrum (D:13)
  8 wights
  Dowan (D:5)
  5 howler monkeys
  An electric eel (Lair:3)
  3 bombardier beetles (D:5)
  5 lava snakes (Lair:5)
  8 hounds
  A human zombie (D:5)
  19 orc priests
  A jelly (D:5)
  Crazy Yiuf (D:7)
  A centaur skeleton (D:5)
  17 orc wizards
  Terence (D:2)
  3 iguanas
  A sleepcap (D:6)
  9 hell rats
  A troll simulacrum (D:13)
  2 polar bear simulacra
  A spriggan simulacrum (D:13)
  2 wolf simulacra (IceCv)
  A hound zombie (D:5)
  A hound skeleton (D:5)
  2 howler monkey zombies (D:5)
  11 gnolls
  3 naga simulacra (D:13)
  7 adders
  5 river rats (Lair:3)
  A shadow imp (D:5)
  5 white imps
  2 dart slugs
  3 ribbon worms
  95 orcs
  5 ball pythons
  7 endoplasms
  4 giant cockroaches
  24 goblins
  8 hobgoblins
  6 jackals (D:4)
  16 kobolds
  3 quokkas
  6 bats
  4 frilled lizards (D:1)
  9 rats
790 creatures vanquished.

Vanquished Creatures (collateral kills)
  A tentacled monstrosity (Swamp:2)
  A salamander tyrant (Snake:1)
  A hell hog (Lair:5)
  2 occultists (D:14)
  Amaemon (Lair:2)
  A skeletal warrior (D:13)
  2 arcanists (D:14)
  An obsidian bat (Orc:2)
  An orc sorcerer (Orc:2)
  2 orc knights
  2 ice statues (IceCv)
  A naga mage (Snake:1)
  Maggie (D:6)
  An orange demon (Lair:2)
  A komodo dragon (Lair:2)
  5 blink frogs
  A yak (Lair:2)
  2 basilisks (Lair:5)
  2 nagas (Snake:1)
  A water moccasin (Lair:2)
  An ogre (Orc:1)
  6 orc warriors
  10 wights
  An elephant simulacrum (IceCv)
  An orc priest (Orc:2)
  3 orc wizards (Orc:2)
  A polar bear simulacrum (IceCv)
  5 orcs
58 creatures vanquished.

Vanquished Creatures (others)
  9 dancing weapons
  A bloated husk (Swamp:1)
  Duvessa (D:5)
  A laughing skull (D:13)
  An orc wizard (Orc:2)
  18 foxfires (Swamp:1)
31 creatures vanquished.

Grand Total: 879 creatures vanquished

Notes
Turn   | Place    | Note
-------+----------+-------------------------------------------
     0 | D:1      | tilp the Vampire Enchanter began the quest for the Orb.
     0 | D:1      | Reached XP level 1. HP: 13/13 MP: 3/3
   203 | D:1      | Reached XP level 2. HP: 20/20 MP: 5/5
   219 | D:1      | Learned a level 2 spell: Ensorcelled Hibernation
   476 | D:1      | Reached skill level 1 in Long Blades
   891 | D:2      | Reached skill level 1 in Fighting
   891 | D:2      | Gained mutation: You are afflicted with vampirism and can
                  | become a bat while bloodless. [Vampire growth]
   891 | D:2      | Reached XP level 3. HP: 12/26 MP: 3/6
  1006 | D:2      | Found a stormy altar of Qazlal.
  1015 | D:2      | Noticed Terence
  1311 | D:2      | Reached skill level 5 in Hexes
  1315 | D:2      | Learned a level 3 spell: Confusing Touch
  1580 | D:2      | Reached XP level 4. HP: 32/32 MP: 4/7
  1620 | D:2      | Found Xezaifipto's Book Emporium.
  2108 | D:3      | Found a bloodstained altar of Trog.
  2304 | D:3      | Reached XP level 5. HP: 38/38 MP: 8/8
  2482 | D:3      | Reached skill level 5 in Stealth
  2855 | D:4      | Learned a level 3 spell: Tukima's Dance
  2865 | D:4      | Noticed an ogre
  2875 | D:4      | Killed an ogre
  3036 | D:4      | Reached XP level 6. HP: 40/44 MP: 6/9
  3172 | D:4      | Reached skill level 6 in Hexes
  3758 | D:5      | Entered Level 5 of the Dungeon
  3890 | D:5      | Noticed Pikel
  4030 | D:5      | Noticed Dowan
  4031 | D:5      | Noticed Duvessa
  4121 | D:5      | Reached XP level 7. HP: 38/51 MP: 8/11
  4189 | D:5      | Killed Pikel
  4190 | D:5      | Reached skill level 7 in Hexes
  4190 | D:5      | Reached skill level 1 in Evocations
  4190 | D:5      | Reached XP level 8. HP: 45/59 MP: 3/12
  4389 | D:5      | Killed Duvessa
  4414 | D:5      | Killed Dowan
  4710 | D:5      | Reached skill level 8 in Hexes
  4749 | D:5      | Found an ancient bone altar of Kikubaaqudgha.
  5273 | D:2      | Killed Terence
  5425 | D:6      | Noticed Edmund
  5440 | D:6      | Reached XP level 9. HP: 56/66 MP: 12/14
  5444 | D:6      | Killed Edmund
  5445 | D:6      | Reached skill level 5 in Long Blades
  5488 | D:6      | Noticed Maggie
  5497 | D:6      | Killed Maggie
  5498 | D:6      | Reached skill level 5 in Fighting
  5498 | D:6      | Reached skill level 9 in Hexes
  5856 | D:6      | Noticed Prince Ribbit
  5862 | D:6      | Killed Prince Ribbit
  5955 | D:6      | Found a blossoming altar of Fedhas.
  5965 | D:6      | Reached skill level 5 in Dodging
  6253 | D:6      | Noticed Jeremiah
  6459 | D:6      | Killed Jeremiah
  6609 | D:6      | Reached skill level 10 in Hexes
  6851 | D:7      | Noticed an unseen horror
  6862 | D:7      | Killed an unseen horror
  6863 | D:7      | Reached XP level 10. HP: 76/76 MP: 7/16
  6934 | D:7      | Found a staircase to the Ecumenical Temple.
  6956 | Temple   | Entered the Ecumenical Temple
  7147 | D:7      | Noticed Menkaure
  7285 | D:7      | Killed Menkaure
  7430 | D:7      | Found an iron altar of Okawaru.
  7555 | D:7      | Found a snail-covered altar of Cheibriados.
  7645 | D:7      | Found a runed translucent door.
  7646 | D:7      | Noticed Crazy Yiuf
  7783 | D:7      | Killed Crazy Yiuf
  7890 | D:8      | Noticed a two-headed ogre
  7896 | D:8      | Killed a two-headed ogre
  7974 | D:8      | Noticed Erica
  7977 | D:8      | Found a flagged portal.
  7997 | Bailey   | Entered a bailey
  8051 | Bailey   | Reached skill level 11 in Hexes
  8321 | Bailey   | Reached skill level 1 in Armour
  8454 | Bailey   | Reached skill level 5 in Spellcasting
  8689 | Bailey   | Noticed an orc warlord
  8738 | Bailey   | Killed an orc warlord
  8887 | Bailey   | Identified the amulet of Qysimoh {Faith rF+ Regen+ Int+3
                  | SInv}
  8943 | Bailey   | Reached skill level 10 in Stealth
  8943 | Bailey   | Reached XP level 11. HP: 86/86 MP: 17/19
  8981 | D:8      | Killed Erica
  8982 | D:8      | Reached XP level 12. HP: 92/92 MP: 19/21
  8984 | D:8      | Upgraded the game from 0.32-a0-876-gcfddb08e57 to
                  | 0.32-a0-886-g41c5271027
  9128 | D:8      | Found an ornate altar of the Wu Jian Council.
  9347 | D:8      | Found a hazy altar of Hepliaklqana.
  9765 | D:9      | Found Yneaxtur's Antique Weapon Boutique.
  9863 | D:9      | Reached skill level 12 in Hexes
 10829 | D:10     | Entered Level 10 of the Dungeon
 10829 | D:10     | Noticed Psyche
 10833 | D:10     | Killed Psyche
 10856 | D:10     | Noticed Sonja
 11581 | D:10     | Found a sacrificial altar of Ru.
 11624 | D:10     | Killed Sonja
 11634 | D:10     | Found a staircase to the Lair.
 11697 | D:8      | Became a worshipper of the Wu Jian Council
 11796 | D:10     | Reached skill level 10 in Long Blades
 11827 | D:10     | Noticed an ogre mage
 11830 | D:10     | Noticed a centaur warrior
 11833 | D:10     | Killed a centaur warrior
 11951 | D:10     | Killed an ogre mage
 12067 | D:10     | Identified the +6 orcbow "Beetleslayer" {flame, MP+9 Str-4
                  | Stlth+}
 12164 | D:10     | Noticed Grum
 12174 | D:10     | Killed Grum
 12174 | D:10     | Reached * piety under Wu Jian
 12341 | D:10     | Reached skill level 10 in Fighting
 12606 | D:2      | Bought a book of the Wilderness for 532 gold pieces
 12612 | D:2      | Learned a level 5 spell: Summon Mana Viper
 12803 | D:11     | Reached XP level 13. HP: 100/103 MP: 19/23
 12844 | D:11     | Reached skill level 1 in Summonings
 13030 | D:11     | Noticed Lodul
 13393 | D:11     | Reached ** piety under Wu Jian
 13417 | D:11     | Killed Lodul
 13555 | D:11     | Identified the +3 dagger of Saltpetre {flame, rElec rF++
                  | rN+ rCorr}
 13593 | D:11     | Noticed Fannar
 13636 | D:11     | Killed Fannar
 14063 | D:2      | Bought a book of Hexes for 504 gold pieces
 14228 | Lair:1   | Entered Level 1 of the Lair of Beasts
 14270 | Lair:1   | Learned a level 3 spell: Dazzling Flash
 14441 | Lair:1   | Identified the +6 flail of the Imperium {holy, Str+3}
 14809 | Lair:1   | Reached *** piety under Wu Jian
 15547 | Lair:1   | Learned a level 7 spell: Enfeeble
 15575 | Lair:2   | Reached skill level 1 in Shields
 15750 | Lair:2   | Found a dark tunnel.
 15758 | Volcano  | Entered a volcano
 16057 | Lair:2   | Reached **** piety under Wu Jian
 16338 | Lair:2   | Noticed Amaemon
 16365 | Lair:2   | Killed Amaemon
 16628 | Lair:2   | Reached XP level 14. HP: 110/110 MP: 16/24
 17178 | Lair:3   | Found a staircase to the Snake Pit.
 17381 | Lair:3   | Reached ***** piety under Wu Jian
 17448 | Lair:3   | Found a staircase to the Swamp.
 18752 | Lair:4   | Identified the ring "Muoferecu" {rCorr Str+3}
 19209 | Lair:5   | Entered Level 5 of the Lair of Beasts
 19706 | Lair:5   | Found a runed translucent door.
 19707 | Lair:5   | Found a viscous altar of Jiyva.
 19708 | Lair:5   | Noticed an azure jelly
 19722 | Lair:5   | Found a staircase to the Slime Pits.
 19722 | Lair:5   | Noticed an azure jelly
 20094 | Lair:5   | Reached skill level 5 in Evocations
 20331 | Lair:5   | Found a large runed translucent door.
 20332 | Lair:5   | Found a large runed translucent door.
 20357 | Lair:5   | Reached skill level 5 in Armour
 20660 | Lair:5   | Reached skill level 13 in Hexes
 20713 | Lair:5   | Reached ****** piety under Wu Jian
 21327 | D:12     | Found an opulent altar of Gozag.
 21514 | D:12     | Found a staircase to the Orcish Mines.
 22182 | Orc:1    | Entered Level 1 of the Orcish Mines
 22340 | Orc:1    | Paralysed by an orc sorcerer for 2 turns
 22432 | Orc:1    | Reached XP level 15. HP: 119/119 MP: 27/27
 22671 | Orc:2    | Entered Level 2 of the Orcish Mines
 23316 | Orc:2    | Found a staircase to the Elven Halls.
 23650 | Orc:2    | Found a roughly hewn altar of Beogh.
 23726 | Orc:2    | Found a roughly hewn altar of Beogh.
 23920 | Orc:2    | Found Riaru's Distillery.
 24085 | Orc:2    | Found a roughly hewn altar of Beogh.
 24436 | Orc:2    | Found a roughly hewn altar of Beogh.
 24437 | Orc:2    | Found Kentywnu's Assorted Antiques.
 24755 | Orc:2    | Found Cess's Antique Armour Boutique.
 24756 | Orc:2    | Found a roughly hewn altar of Beogh.
 24757 | Orc:2    | Found Ziacson's Antique Weapon Shop.
 24770 | Orc:2    | Bought a pair of embroidered boots for 232 gold pieces
 24886 | Orc:2    | Bought a potion of resistance for 100 gold pieces
 24886 | Orc:2    | Bought 2 potions of mutation for 160 gold pieces
 24886 | Orc:2    | Bought a potion of heal wounds for 50 gold pieces
 24886 | Orc:2    | Bought a potion of haste for 100 gold pieces
 24886 | Orc:2    | Bought a potion of haste for 100 gold pieces
 25142 | D:2      | Bought Great Wizards, Vol. VII for 420 gold pieces
 25148 | D:2      | Learned a level 5 spell: Yara's Violent Unravelling
 25409 | D:13     | Found a frozen archway.
 25502 | IceCv    | Entered an ice cave
 26010 | IceCv    | Reached skill level 1 in Alchemy
 26043 | IceCv    | Identified the +0 long sword of Starshine {protect,
                  | ^Fragile rElec rF+++ Dex+5}
 26049 | IceCv    | Identified the ring of Fupogroc {rPois rF+ rC+ MP+9 Dex+3}
 26256 | D:13     | Found a runed translucent gate.
 26256 | D:13     | Found a runed translucent gate.
 26256 | D:13     | Found a runed translucent gate.
 26266 | D:13     | Noticed Armakuni's ghost (journeyman HuAr)
 26502 | D:13     | Killed Armakuni's ghost
 26614 | D:14     | Found a shimmering blue altar of Sif Muna.
 26659 | D:14     | Reached skill level 14 in Hexes
 27778 | D:14     | Found a gate to the Vaults.
 27902 | D:14     | Got Teylua's Meditations on Voltage
 28051 | D:14     | Found a shimmering blue altar of Sif Muna.
 28118 | D:15     | Entered Level 15 of the Dungeon
 28155 | D:15     | Reached skill level 15 in Stealth
 28168 | D:15     | Reached XP level 16. HP: 120/129 MP: 29/29
 28246 | D:15     | Found a staircase to the Depths.
 28434 | D:15     | Found a runed translucent gate.
 28491 | D:15     | Found a runed translucent gate.
 28491 | D:15     | Found a runed translucent gate.
 28495 | D:15     | Noticed Ebahuax's ghost (journeyman HOFi)
 28495 | D:15     | Noticed Ucsyphiv's ghost (adept MiFi)
 28495 | D:15     | Found the ring of Shadows {Umbra +Inv Stlth+}
 28730 | D:15     | Learned a level 5 spell: Silence
 28926 | Swamp:1  | Entered Level 1 of the Swamp
 29436 | Swamp:1  | Reached skill level 15 in Hexes
 29579 | Swamp:2  | Noticed a tentacled monstrosity
 29861 | Swamp:2  | Noticed Louise
 29931 | Swamp:2  | Killed Louise
 30131 | Swamp:2  | Killed a tentacled monstrosity
 30270 | Swamp:3  | Noticed a tentacled monstrosity
 30275 | Swamp:3  | Killed a tentacled monstrosity
 30279 | Swamp:3  | Reached skill level 10 in Dodging
 30451 | Swamp:3  | Noticed a thorn hunter
 30619 | Swamp:3  | Noticed Mara
 30932 | Swamp:3  | Killed a thorn hunter
 31085 | Snake:1  | Entered Level 1 of the Snake Pit
 31205 | Snake:1  | Identified the serpent talisman of Vanity {MP+9}
 31205 | Snake:1  | Noticed Aizul
 31211 | Snake:1  | Killed Aizul
 31250 | Snake:1  | Reached skill level 16 in Hexes
 31550 | Snake:1  | Identified the +9 orcbow of the Present {heavy, rC+}
 32009 | Snake:1  | HP: 4/134 [constriction (4)]
 32009 | Snake:1  | Constricted to death by a nagaraja

Illustrated notes

Levels and vault maps discovered:
D:1:      amcnicky_arrival_abandoned_market, layout_loops_ring,
          chequers_arboretum
D:2:      layout_loops_corners, basic_altar, serial_shops,
          nicolae_shop_window_shopping, uniq_terence
D:3:      layout_loops_ring, nicolae_overflow_crystal_walls, elyvilon_altar_5
D:4:      layout_basic
D:5:      layout_basic, lemuel_mausoleum_altar_kikubaaqudgha,
          minmay_misc_feat_enclosed, uniq_pikel, uniq_duvessa
D:6:      layout_loops_corners, jmf_multi_god_temple2, uniq_maggie,
          uniq_prince_ribbit1, uniq_jeremiah, uniq_sigmund, uniq_edmund
D:7:      layout_rooms, general_overflow_altar, okawaru_altar_gauntlet_db,
          temple_fountains, uniq_menkaure, uniq_crazy_yiuf_cottage
D:8:      layout_loops_ring, lemuel_tele_altar, mainiacjoe_overflow_catwalk,
          enter_bailey_3, uniq_erica
D:9:      layout_loops_corners, serial_shops, shop_coins,
          hangedman_abyss_or_decor_stabs, st_stairs_6, minivault_25_ag,
          minivault_11
D:10:     minmay_the_grid_triangle_9x9_recursive_2_mashed
          [minmay_the_grid_triangle_9x9_prize_top_heavy,
          minmay_the_grid_triangle_9x9_corrupted_corridor,
          minmay_the_grid_triangle_9x9_flanged_cone,
          minmay_the_grid_triangle_9x9_limited_checkers], layout_loops_cross,
          nicolae_ru_path_of_blood, david_lair_generic, serial_demonic,
          serial_demonic_f, serial_demonic_d, serial_demonic_e,
          serial_demonic_b, st_stairs_12, uniq_grum, uniq_psyche, uniq_sonja
D:11:     layout_long_grid, uniq_lodul, uniq_fannar
D:12:     minmay_opposing_rooms, layout_irregular_city, erik_orc_3,
          grunt_gozag_breadcrumbs
D:13:     layout_basic, ebering_ghost_rock_garden,
          portal_ice_cave_entry_ice_simulacra
D:14:     nooodl_glass_maze, layout_cave_pools, david_vaults_1, serial_library,
          serial_library_hellmonk_angled_corner,
          serial_library_hellmonk_small_alcove,
          serial_library_regret_index_double_sided,
          serial_library_hellmonk_filled_rooms,
          serial_library_hellmonk_narrow_alcove,
          serial_library_regret_index_small_wings,
          serial_library_hellmonk_octagon, serial_library_hellmonk_small_alcove,
          serial_library_hellmonk_metal_room,
          serial_library_regret_index_branch_corner,
          serial_library_hellmonk_statue_hall, hangedman_decor_opposing,
          drop_trap
D:15:     grunt_enter_depths_giant_problem, layout_rooms, small_statue_alley_a,
          gammafunk_ghost_cemetery
Temple:   minmay_temple_forest_path
Lair:1:   beast_lair_carwin_large_3, layout_cave_pods, grunt_megastairs_4
Lair:2:   layout_gridlike, nicolae_volcano_entry_hallway, uniq_amaemon
Lair:3:   layout_concentric_octagons, alex1729_swamp_entry_worm_eleionoma,
          minmay_snake_entry_guardpost_small, kennysheep_abandoned_house,
          grunt_megastairs_2, lemuel_fruit_tree, infiniplex_staircase_pool
Lair:4:   dragon1_lemuel, layout_regular_city, bh_autumn_forest_stairs
Lair:5:   cheibrodos_lair_end_hotspot, layout_regular_city, slime_entry_2,
          columned_hall_lemuel, chequers_serial_rivers_small_b,
          kennysheep_basilisk_garden
Swamp:1:  layout_basic_swamp, evilmike_swamp_ruin_house_3
Swamp:2:  layout_falls_marsh, evilmike_swamp_ruin_house_1, uniq_louise
Swamp:3:  cheibrodos_swamp_tower_of_moss, layout_basic_swamp,
          evilmike_swamp_ruin_rubble_2, swamp_pool_5, uniq_mara
Snake:1:  layout_basic, nicolae_snake_magic_snake_eye, serial_bayou_shore_a,
          uniq_aizul
Orc:1:    layout_caves, nicolae_orc_bridge_out
Orc:2:    grunt_orc_community_town_hall, layout_caves,
          grunt_orc_community_big_house_1, grunt_orc_community_big_house_2,
          grunt_orc_community_house_1, grunt_orc_community_house_1,
          grunt_orc_community_house_1, grunt_orc_community_house_1, basic_altar

Skill      XL: |  1  2  3  4  5  6  7  8  9 10 11 12 13 14 15 16 |
---------------+-------------------------------------------------+-----
Long Blades    | 1 2 3 4 6 8 11 13 | 13.8
Fighting       | 1 2 3 4 5 8 10 11 12 14 | 14.5
Hexes          | 5 6 7 8 10 11 12 13 14 16 | 16.4
Stealth        | 5 6 7 8 10 12 13 15 | 15.0
Short Blades   | 2 |  2.9
Dodging        | 3 4 5 6 7 9 10 | 10.0
Spellcasting   | 3 4 5 6 7 8 9 |  9.0
Evocations     | 1 2 3 4 5 6 8 |  8.0
Armour         | 3 4 5 6 |  6.0
Summonings     | 2 4 |  4.0
Shields        | 4 |  4.0
Alchemy        | 2 |  2.0

Action                     |  1- 3 |  4- 6 |  7- 9 | 10-12 | 13-15 | 16-18 || total
---------------------------+-------+-------+-------+-------+-------+-------++-------
  Melee: Dagger            |   115 |   158 |   132 |   164 |   619 |   211 ||  1399
         Bite              |     7 |    10 |    20 |    38 |   113 |    22 ||   210
         Short sword       |       |       |    21 |       |       |       ||    21
         Long sword        |       |       |    40 |   205 |   306 |    22 ||   573
         Scimitar          |       |       |       |       |   124 |       ||   124
  Throw: Throwing net      |       |     1 |       |       |       |       ||     1
         Dart              |       |       |       |     3 |     5 |       ||     8
   Cast: Ensorcelled Hiber |    11 |    27 |    34 |    70 |   250 |    63 ||   455
         Confusing Touch   |       |     2 |     6 |    14 |    30 |    11 ||    63
         Tukima's Dance    |       |       |     8 |    14 |    20 |     7 ||    49
         Summon Mana Viper |       |       |       |       |    31 |     6 ||    37
         Dazzling Flash    |       |       |       |       |    25 |    24 ||    49
Ability: Lunge             |       |       |       |    10 |   130 |    50 ||   190
         Whirlwind         |       |       |       |       |    48 |    12 ||    60
  Evoke: Wand              |       |       |       |     3 |     1 |       ||     4
         Phantom mirror    |       |       |       |       |       |     1 ||     1
    Use: Scroll            |     3 |     6 |     1 |    16 |     9 |     4 ||    39
         Potion            |       |       |     2 |     1 |     4 |       ||     7
   Stab: Sleeping          |    12 |    25 |    36 |    56 |   228 |    67 ||   424
         Held in net/web   |       |     2 |       |       |       |       ||     2
         Confused          |       |     1 |     4 |    12 |    36 |     7 ||    60
         Invisible         |       |       |     1 |       |    24 |    14 ||    39
         Distracted        |       |       |       |       |     4 |     3 ||     7
 Armour: Leather armour    |    70 |    61 |    99 |   171 |    72 |       ||   473
         Steam dragon scal |       |       |       |       |   523 |   150 ||   673
  Dodge: Dodged            |    63 |    70 |    86 |   200 |   545 |   117 ||  1081
  Block: Buckler           |       |       |       |       |   175 |    45 ||   220

Table legend: (Time is in decaauts)
 A = Elapsed time spent in this place.
 B = Non-inter-level travel time spent in this place.
 C = Inter-level travel time spent in this place.
 D = Time resting spent in this place.
 E = Time spent auto-exploring this place.
 F = Levels seen in this place.
 G = Mean time per level.
                   A        B        C        D        E       F      G
               +--------+--------+--------+--------+--------+-----+--------+
         Total |  31569 |  28545 |   3024 |   4322 |  17074 |  30 | 1052.3 |
       Dungeon |  17399 |  15376 |   2023 |   1731 |  10038 |  15 | 1159.9 |
        Temple |      4 |      4 |      0 |      0 |      3 |   1 |    4.0 |
          Lair |   6972 |   6414 |    558 |    680 |   4359 |   5 | 1394.4 |
         Swamp |   2107 |   1863 |    244 |    139 |   1219 |   3 |  702.3 |
     Snake Pit |    625 |    597 |     28 |    134 |    210 |   1 |  625.0 |
  Orcish Mines |   2682 |   2513 |    169 |    704 |   1006 |   2 | 1341.0 |
        Bailey |    964 |    964 |      0 |    592 |     56 |   1 |  964.0 |
      Ice Cave |    563 |    563 |      0 |    327 |     26 |   1 |  563.0 |
       Volcano |    249 |    249 |      0 |     15 |    155 |   1 |  249.0 |
               +--------+--------+--------+--------+--------+-----+--------+

Top non-repeatable levels by time:
   Orc:2: 2033 daAuts
  Lair:5: 1781 daAuts
     D:2: 1582 daAuts
    D:10: 1529 daAuts
     D:5: 1525 daAuts
  Lair:3: 1414 daAuts
  Lair:1: 1411 daAuts
     D:6: 1359 daAuts
     D:9: 1346 daAuts
    D:14: 1315 daAuts
  Lair:2: 1279 daAuts
    D:11: 1239 daAuts
     D:7: 1190 daAuts
     D:4: 1168 daAuts
  Lair:4: 1085 daAuts
